Workbook

Sheet Tableau de bord
A1: Suivi des remises TPS et TVQ — Québec
A2: Sommaire estimatif par période de déclaration
A4: Période de déclaration sélectionnée | B4: 2026-T1
A5: Début de la période | B5: =IFERROR(VLOOKUP($B$4,'Paramètres'!$F$5:$K$104,2,FALSE),"")
A6: Fin de la période | B6: =IFERROR(VLOOKUP($B$4,'Paramètres'!$F$5:$K$104,3,FALSE),"")
A7: Échéance TPS — ARC | B7: =IFERROR(IF(VLOOKUP($B$4,'Paramètres'!$F$5:$K$104,4,FALSE)="","Non renseignée",VLOOKUP($B$4,'Paramètres'!$F$5:$K$104,4,FALSE)),"Période introuvable")
A8: Échéance TVQ — Revenu Québec | B8: =IFERROR(IF(VLOOKUP($B$4,'Paramètres'!$F$5:$K$104,5,FALSE)="","Non renseignée",VLOOKUP($B$4,'Paramètres'!$F$5:$K$104,5,FALSE)),"Période introuvable")
A10: Sommaire des remises estimatives | D10: Contrôles de qualité
A11: TPS facturée sur les ventes | B11: =IFERROR(SUMIFS('Transactions'!$J$5:$J$104,'Transactions'!$S$5:$S$104,$B$4,'Transactions'!$C$5:$C$104,"Vente",'Transactions'!$T$5:$T$104,"À inclure"),0) | D11: Transactions incluses dans la période | E11: =IFERROR(COUNTIFS('Transactions'!$S$5:$S$104,$B$4,'Transactions'!$T$5:$T$104,"À inclure"),0)
A12: Moins : CTI de TPS réclamables | B12: =IFERROR(SUMIFS('Transactions'!$O$5:$O$104,'Transactions'!$S$5:$S$104,$B$4,'Transactions'!$T$5:$T$104,"À inclure"),0) | D12: Transactions exclues dans la période | E12: =IFERROR(COUNTIFS('Transactions'!$S$5:$S$104,$B$4,'Transactions'!$T$5:$T$104,"Exclu"),0)
A13: Plus ou moins : ajustements TPS | B13: =IFERROR(SUMIFS('Transactions'!$Q$5:$Q$104,'Transactions'!$S$5:$S$104,$B$4,'Transactions'!$T$5:$T$104,"À inclure"),0) | D13: Transactions incluses sans période | E13: =IFERROR(COUNTIFS('Transactions'!$T$5:$T$104,"À inclure",'Transactions'!$S$5:$S$104,""),0)
A14: Solde TPS estimatif | B14: =IFERROR(B11-B12+B13,0) | D14: Transactions incluses sans référence | E14: =IFERROR(COUNTIFS('Transactions'!$T$5:$T$104,"À inclure",'Transactions'!$B$5:$B$104,""),0)
D15: Transactions incluses sans date | E15: =IFERROR(COUNTIFS('Transactions'!$T$5:$T$104,"À inclure",'Transactions'!$A$5:$A$104,""),0)
A16: TVQ facturée sur les ventes | B16: =IFERROR(SUMIFS('Transactions'!$L$5:$L$104,'Transactions'!$S$5:$S$104,$B$4,'Transactions'!$C$5:$C$104,"Vente",'Transactions'!$T$5:$T$104,"À inclure"),0) | D16: Écart de contrôle du total net | E16: =IFERROR(B21-(B14+B19),0)
A17: Moins : RTI de TVQ réclamables | B17: =IFERROR(SUMIFS('Transactions'!$P$5:$P$104,'Transactions'!$S$5:$S$104,$B$4,'Transactions'!$T$5:$T$104,"À inclure"),0) | D17: État final | E17: =IFERROR(IF(AND(E11>0,E13=0,E14=0,E15=0,E16=0),"PRÊT À VALIDER","À CORRIGER"),"À CORRIGER")
A18: Plus ou moins : ajustements TVQ | B18: =IFERROR(SUMIFS('Transactions'!$R$5:$R$104,'Transactions'!$S$5:$S$104,$B$4,'Transactions'!$T$5:$T$104,"À inclure"),0)
A19: Solde TVQ estimatif | B19: =IFERROR(B16-B17+B18,0)
D20: Taxe | E20: Facturée / ajustée | F20: Crédits réclamables
A21: Total net estimatif | B21: =IFERROR(B14+B19,0) | D21: TPS | E21: =IFERROR($B$11+$B$13,0) | F21: =IFERROR($B$12,0)
A22: Interprétation du solde | B22: =IFERROR(IF(B21>0,"Montant estimatif à remettre",IF(B21<0,"Crédit estimatif ou solde à récupérer","Aucun solde estimatif")),"À vérifier") | D22: TVQ | E22: =IFERROR($B$16+$B$18,0) | F22: =IFERROR($B$17,0)
B23: ="" | E23: =""
B24: ="" | E24: =""
B25: ="" | E25: =""
B26: ="" | E26: =""
B27: ="" | E27: =""
B28: ="" | E28: =""
B29: ="" | E29: =""
B30: ="" | E30: =""
B31: ="" | E31: =""
B32: ="" | E32: =""
B33: ="" | E33: =""
B34: ="" | E34: =""
... B101: ="" | E101: =""

Sheet Transactions
A1: Registre des transactions TPS et TVQ
A2: Saisir une ligne par facture, dépense, note de crédit ou ajustement applicable. Les cellules jaunes sont à remplir.
A4: Date | B4: Référence | C4: Sens | D4: Client ou fournisseur | E4: Description | F4: Catégorie | G4: Traitement fiscal | H4: Montant avant taxes | I4: Taux TPS | J4: TPS facturée ou payée | K4: Taux TVQ | L4: TVQ facturée ou payée | M4: % récupérable TPS | N4: % récupérable TVQ | O4: CTI TPS réclamable | P4: RTI TVQ réclamable | Q4: Ajustement TPS | R4: Ajustement TVQ | S4: Période de déclaration | T4: Statut | U4: Notes
A5: 46030 | B5: FAC-26001 | C5: Vente | D5: Atelier Nordique inc. | E5: Services de consultation en gestion | F5: Services professionnels | G5: Taxable | H5: 2500 | I5: =IF($A5="","",IFERROR(IF($G5="Taxable",VLOOKUP("TPS",'Paramètres'!$A$5:$B$6,2,FALSE),0),0)) | J5: =IF($A5="","",IFERROR(ROUND($H5*$I5,2),0)) | K5: =IF($A5="","",IFERROR(IF($G5="Taxable",VLOOKUP("TVQ",'Paramètres'!$A$5:$B$6,2,FALSE),0),0)) | L5: =IF($A5="","",IFERROR(ROUND($H5*$K5,2),0)) | M5: 0 | N5: 0 | O5: =IF($A5="","",IFERROR(IF(AND($C5="Achat/dépense",$T5="À inclure"),ROUND($J5*$M5,2),0),0)) | P5: =IF($A5="","",IFERROR(IF(AND($C5="Achat/dépense",$T5="À inclure"),ROUND($L5*$N5,2),0),0)) | Q5: 0 | R5: 0 | S5: 2026-T1 | T5: À inclure | U5: Facture émise
A6: 46036 | B6: DEP-26001 | C6: Achat/dépense | D6: Bureau Plus Montréal | E6: Fournitures administratives | F6: Fournitures de bureau | G6: Taxable | H6: 180 | I6: =IF($A6="","",IFERROR(IF($G6="Taxable",VLOOKUP("TPS",'Paramètres'!$A$5:$B$6,2,FALSE),0),0)) | J6: =IF($A6="","",IFERROR(ROUND($H6*$I6,2),0)) | K6: =IF($A6="","",IFERROR(IF($G6="Taxable",VLOOKUP("TVQ",'Paramètres'!$A$5:$B$6,2,FALSE),0),0)) | L6: =IF($A6="","",IFERROR(ROUND($H6*$K6,2),0)) | M6: 1 | N6: 1 | O6: =IF($A6="","",IFERROR(IF(AND($C6="Achat/dépense",$T6="À inclure"),ROUND($J6*$M6,2),0),0)) | P6: =IF($A6="","",IFERROR(IF(AND($C6="Achat/dépense",$T6="À inclure"),ROUND($L6*$N6,2),0),0)) | Q6: 0 | R6: 0 | S6: 2026-T1 | T6: À inclure | U6: Reçu conservé
A7: 46056 | B7: FAC-26002 | C7: Vente | D7: Construction Rivière-du-Nord ltée | E7: Accompagnement administratif | F7: Services professionnels | G7: Taxable | H7: 1800 | I7: =IF($A7="","",IFERROR(IF($G7="Taxable",VLOOKUP("TPS",'Paramètres'!$A$5:$B$6,2,FALSE),0),0)) | J7: =IF($A7="","",IFERROR(ROUND($H7*$I7,2),0)) | K7: =IF($A7="","",IFERROR(IF($G7="Taxable",VLOOKUP("TVQ",'Paramètres'!$A$5:$B$6,2,FALSE),0),0)) | L7: =IF($A7="","",IFERROR(ROUND($H7*$K7,2),0)) | M7: 0 | N7: 0 | O7: =IF($A7="","",IFERROR(IF(AND($C7="Achat/dépense",$T7="À inclure"),ROUND($J7*$M7,2),0),0)) | P7: =IF($A7="","",IFERROR(IF(AND($C7="Achat/dépense",$T7="À inclure"),ROUND($L7*$N7,2),0),0)) | Q7: 0 | R7: 0 | S7: 2026-T1 | T7: À inclure | U7: Facture émise
A8: 46064 | B8: DEP-26002 | C8: Achat/dépense | D8: Informatique Québec | E8: Écran et accessoires de bureau | F8: Équipement | G8: Taxable | H8: 1200 | I8: =IF($A8="","",IFERROR(IF($G8="Taxable",VLOOKUP("TPS",'Paramètres'!$A$5:$B$6,2,FALSE),0),0)) | J8: =IF($A8="","",IFERROR(ROUND($H8*$I8,2),0)) | K8: =IF($A8="","",IFERROR(IF($G8="Taxable",VLOOKUP("TVQ",'Paramètres'!$A$5:$B$6,2,FALSE),0),0)) | L8: =IF($A8="","",IFERROR(ROUND($H8*$K8,2),0)) | M8: 1 | N8: 1 | O8: =IF($A8="","",IFERROR(IF(AND($C8="Achat/dépense",$T8="À inclure"),ROUND($J8*$M8,2),0),0)) | P8: =IF($A8="","",IFERROR(IF(AND($C8="Achat/dépense",$T8="À inclure"),ROUND($L8*$N8,2),0),0)) | Q8: 0 | R8: 0 | S8: 2026-T1 | T8: À inclure | U8: Facture fournisseur
A9: 46081 | B9: DEP-26003 | C9: Achat/dépense | D9: Hébergement Web Boréal | E9: Abonnement mensuel au site Web | F9: Logiciels et abonnements | G9: Taxable | H9: 75 | I9: =IF($A9="","",IFERROR(IF($G9="Taxable",VLOOKUP("TPS",'Paramètres'!$A$5:$B$6,2,FALSE),0),0)) | J9: =IF($A9="","",IFERROR(ROUND($H9*$I9,2),0)) | K9: =IF($A9="","",IFERROR(IF($G9="Taxable",VLOOKUP("TVQ",'Paramètres'!$A$5:$B$6,2,FALSE),0),0)) | L9: =IF($A9="","",IFERROR(ROUND($H9*$K9,2),0)) | M9: 1 | N9: 1 | O9: =IF($A9="","",IFERROR(IF(AND($C9="Achat/dépense",$T9="À inclure"),ROUND($J9*$M9,2),0),0)) | P9: =IF($A9="","",IFERROR(IF(AND($C9="Achat/dépense",$T9="À inclure"),ROUND($L9*$N9,2),0),0)) | Q9: 0 | R9: 0 | S9: 2026-T1 | T9: À inclure | U9: Paiement en ligne
A10: 46088 | B10: FAC-26003 | C10: Vente | D10: Marché Laurentien s.e.n.c. | E10: Préparation de procédures administratives | F10: Services professionnels | G10: Taxable | H10: 3200 | I10: =IF($A10="","",IFERROR(IF($G10="Taxable",VLOOKUP("TPS",'Paramètres'!$A$5:$B$6,2,FALSE),0),0)) | J10: =IF($A10="","",IFERROR(ROUND($H10*$I10,2),0)) | K10: =IF($A10="","",IFERROR(IF($G10="Taxable",VLOOKUP("TVQ",'Paramètres'!$A$5:$B$6,2,FALSE),0),0)) | L10: =IF($A10="","",IFERROR(ROUND($H10*$K10,2),0)) | M10: 0 | N10: 0 | O10: =IF($A10="","",IFERROR(IF(AND($C10="Achat/dépense",$T10="À inclure"),ROUND($J10*$M10,2),0),0)) | P10: =IF($A10="","",IFERROR(IF(AND($C10="Achat/dépense",$T10="À inclure"),ROUND($L10*$N10,2),0),0)) | Q10: 0 | R10: 0 | S10: 2026-T1 | T10: À inclure | U10: Facture émise
A11: 46093 | B11: DEP-26004 | C11: Achat/dépense | D11: Télécom Québec | E11: Services de téléphonie mobile | F11: Télécommunications | G11: Taxable | H11: 95 | I11: =IF($A11="","",IFERROR(IF($G11="Taxable",VLOOKUP("TPS",'Paramètres'!$A$5:$B$6,2,FALSE),0),0)) | J11: =IF($A11="","",IFERROR(ROUND($H11*$I11,2),0)) | K11: =IF($A11="","",IFERROR(IF($G11="Taxable",VLOOKUP("TVQ",'Paramètres'!$A$5:$B$6,2,FALSE),0),0)) | L11: =IF($A11="","",IFERROR(ROUND($H11*$K11,2),0)) | M11: 1 | N11: 1 | O11: =IF($A11="","",IFERROR(IF(AND($C11="Achat/dépense",$T11="À inclure"),ROUND($J11*$M11,2),0),0)) | P11: =IF($A11="","",IFERROR(IF(AND($C11="Achat/dépense",$T11="À inclure"),ROUND($L11*$N11,2),0),0)) | Q11: 0 | R11: 0 | S11: 2026-T1 | T11: À inclure | U11: Facture mensuelle
A12: 46099 | B12: DEP-26005 | C12: Achat/dépense | D12: Assurances Laurentiennes | E12: Prime d’assurance commerciale | F12: Assurances | G12: Exonérée | H12: 320 | I12: =IF($A12="","",IFERROR(IF($G12="Taxable",VLOOKUP("TPS",'Paramètres'!$A$5:$B$6,2,FALSE),0),0)) | J12: =IF($A12="","",IFERROR(ROUND($H12*$I12,2),0)) | K12: =IF($A12="","",IFERROR(IF($G12="Taxable",VLOOKUP("TVQ",'Paramètres'!$A$5:$B$6,2,FALSE),0),0)) | L12: =IF($A12="","",IFERROR(ROUND($H12*$K12,2),0)) | M12: 0 | N12: 0 | O12: =IF($A12="","",IFERROR(IF(AND($C12="Achat/dépense",$T12="À inclure"),ROUND($J12*$M12,2),0),0)) | P12: =IF($A12="","",IFERROR(IF(AND($C12="Achat/dépense",$T12="À inclure"),ROUND($L12*$N12,2),0),0)) | Q12: 0 | R12: 0 | S12: 2026-T1 | T12: À inclure | U12: Aucune taxe facturée
A13: 46106 | B13: AVOIR-26001 | C13: Vente | D13: Atelier Nordique inc. | E13: Note de crédit sur services facturés | F13: Services professionnels | G13: Taxable | H13: -400 | I13: =IF($A13="","",IFERROR(IF($G13="Taxable",VLOOKUP("TPS",'Paramètres'!$A$5:$B$6,2,FALSE),0),0)) | J13: =IF($A13="","",IFERROR(ROUND($H13*$I13,2),0)) | K13: =IF($A13="","",IFERROR(IF($G13="Taxable",VLOOKUP("TVQ",'Paramètres'!$A$5:$B$6,2,FALSE),0),0)) | L13: =IF($A13="","",IFERROR(ROUND($H13*$K13,2),0)) | M13: 0 | N13: 0 | O13: =IF($A13="","",IFERROR(IF(AND($C13="Achat/dépense",$T13="À inclure"),ROUND($J13*$M13,2),0),0)) | P13: =IF($A13="","",IFERROR(IF(AND($C13="Achat/dépense",$T13="À inclure"),ROUND($L13*$N13,2),0),0)) | Q13: 0 | R13: 0 | S13: 2026-T1 | T13: À inclure | U13: Avoir accordé au client
I14: =IF($A14="","",IFERROR(IF($G14="Taxable",VLOOKUP("TPS",'Paramètres'!$A$5:$B$6,2,FALSE),0),0)) | J14: =IF($A14="","",IFERROR(ROUND($H14*$I14,2),0)) | K14: =IF($A14="","",IFERROR(IF($G14="Taxable",VLOOKUP("TVQ",'Paramètres'!$A$5:$B$6,2,FALSE),0),0)) | L14: =IF($A14="","",IFERROR(ROUND($H14*$K14,2),0)) | O14: =IF($A14="","",IFERROR(IF(AND($C14="Achat/dépense",$T14="À inclure"),ROUND($J14*$M14,2),0),0)) | P14: =IF($A14="","",IFERROR(IF(AND($C14="Achat/dépense",$T14="À inclure"),ROUND($L14*$N14,2),0),0))
I15: =IF($A15="","",IFERROR(IF($G15="Taxable",VLOOKUP("TPS",'Paramètres'!$A$5:$B$6,2,FALSE),0),0)) | J15: =IF($A15="","",IFERROR(ROUND($H15*$I15,2),0)) | K15: =IF($A15="","",IFERROR(IF($G15="Taxable",VLOOKUP("TVQ",'Paramètres'!$A$5:$B$6,2,FALSE),0),0)) | L15: =IF($A15="","",IFERROR(ROUND($H15*$K15,2),0)) | O15: =IF($A15="","",IFERROR(IF(AND($C15="Achat/dépense",$T15="À inclure"),ROUND($J15*$M15,2),0),0)) | P15: =IF($A15="","",IFERROR(IF(AND($C15="Achat/dépense",$T15="À inclure"),ROUND($L15*$N15,2),0),0))
I16: =IF($A16="","",IFERROR(IF($G16="Taxable",VLOOKUP("TPS",'Paramètres'!$A$5:$B$6,2,FALSE),0),0)) | J16: =IF($A16="","",IFERROR(ROUND($H16*$I16,2),0)) | K16: =IF($A16="","",IFERROR(IF($G16="Taxable",VLOOKUP("TVQ",'Paramètres'!$A$5:$B$6,2,FALSE),0),0)) | L16: =IF($A16="","",IFERROR(ROUND($H16*$K16,2),0)) | O16: =IF($A16="","",IFERROR(IF(AND($C16="Achat/dépense",$T16="À inclure"),ROUND($J16*$M16,2),0),0)) | P16: =IF($A16="","",IFERROR(IF(AND($C16="Achat/dépense",$T16="À inclure"),ROUND($L16*$N16,2),0),0))
I17: =IF($A17="","",IFERROR(IF($G17="Taxable",VLOOKUP("TPS",'Paramètres'!$A$5:$B$6,2,FALSE),0),0)) | J17: =IF($A17="","",IFERROR(ROUND($H17*$I17,2),0)) | K17: =IF($A17="","",IFERROR(IF($G17="Taxable",VLOOKUP("TVQ",'Paramètres'!$A$5:$B$6,2,FALSE),0),0)) | L17: =IF($A17="","",IFERROR(ROUND($H17*$K17,2),0)) | O17: =IF($A17="","",IFERROR(IF(AND($C17="Achat/dépense",$T17="À inclure"),ROUND($J17*$M17,2),0),0)) | P17: =IF($A17="","",IFERROR(IF(AND($C17="Achat/dépense",$T17="À inclure"),ROUND($L17*$N17,2),0),0))
I18: =IF($A18="","",IFERROR(IF($G18="Taxable",VLOOKUP("TPS",'Paramètres'!$A$5:$B$6,2,FALSE),0),0)) | J18: =IF($A18="","",IFERROR(ROUND($H18*$I18,2),0)) | K18: =IF($A18="","",IFERROR(IF($G18="Taxable",VLOOKUP("TVQ",'Paramètres'!$A$5:$B$6,2,FALSE),0),0)) | L18: =IF($A18="","",IFERROR(ROUND($H18*$K18,2),0)) | O18: =IF($A18="","",IFERROR(IF(AND($C18="Achat/dépense",$T18="À inclure"),ROUND($J18*$M18,2),0),0)) | P18: =IF($A18="","",IFERROR(IF(AND($C18="Achat/dépense",$T18="À inclure"),ROUND($L18*$N18,2),0),0))
I19: =IF($A19="","",IFERROR(IF($G19="Taxable",VLOOKUP("TPS",'Paramètres'!$A$5:$B$6,2,FALSE),0),0)) | J19: =IF($A19="","",IFERROR(ROUND($H19*$I19,2),0)) | K19: =IF($A19="","",IFERROR(IF($G19="Taxable",VLOOKUP("TVQ",'Paramètres'!$A$5:$B$6,2,FALSE),0),0)) | L19: =IF($A19="","",IFERROR(ROUND($H19*$K19,2),0)) | O19: =IF($A19="","",IFERROR(IF(AND($C19="Achat/dépense",$T19="À inclure"),ROUND($J19*$M19,2),0),0)) | P19: =IF($A19="","",IFERROR(IF(AND($C19="Achat/dépense",$T19="À inclure"),ROUND($L19*$N19,2),0),0))
I20: =IF($A20="","",IFERROR(IF($G20="Taxable",VLOOKUP("TPS",'Paramètres'!$A$5:$B$6,2,FALSE),0),0)) | J20: =IF($A20="","",IFERROR(ROUND($H20*$I20,2),0)) | K20: =IF($A20="","",IFERROR(IF($G20="Taxable",VLOOKUP("TVQ",'Paramètres'!$A$5:$B$6,2,FALSE),0),0)) | L20: =IF($A20="","",IFERROR(ROUND($H20*$K20,2),0)) | O20: =IF($A20="","",IFERROR(IF(AND($C20="Achat/dépense",$T20="À inclure"),ROUND($J20*$M20,2),0),0)) | P20: =IF($A20="","",IFERROR(IF(AND($C20="Achat/dépense",$T20="À inclure"),ROUND($L20*$N20,2),0),0))
I21: =IF($A21="","",IFERROR(IF($G21="Taxable",VLOOKUP("TPS",'Paramètres'!$A$5:$B$6,2,FALSE),0),0)) | J21: =IF($A21="","",IFERROR(ROUND($H21*$I21,2),0)) | K21: =IF($A21="","",IFERROR(IF($G21="Taxable",VLOOKUP("TVQ",'Paramètres'!$A$5:$B$6,2,FALSE),0),0)) | L21: =IF($A21="","",IFERROR(ROUND($H21*$K21,2),0)) | O21: =IF($A21="","",IFERROR(IF(AND($C21="Achat/dépense",$T21="À inclure"),ROUND($J21*$M21,2),0),0)) | P21: =IF($A21="","",IFERROR(IF(AND($C21="Achat/dépense",$T21="À inclure"),ROUND($L21*$N21,2),0),0))
I22: =IF($A22="","",IFERROR(IF($G22="Taxable",VLOOKUP("TPS",'Paramètres'!$A$5:$B$6,2,FALSE),0),0)) | J22: =IF($A22="","",IFERROR(ROUND($H22*$I22,2),0)) | K22: =IF($A22="","",IFERROR(IF($G22="Taxable",VLOOKUP("TVQ",'Paramètres'!$A$5:$B$6,2,FALSE),0),0)) | L22: =IF($A22="","",IFERROR(ROUND($H22*$K22,2),0)) | O22: =IF($A22="","",IFERROR(IF(AND($C22="Achat/dépense",$T22="À inclure"),ROUND($J22*$M22,2),0),0)) | P22: =IF($A22="","",IFERROR(IF(AND($C22="Achat/dépense",$T22="À inclure"),ROUND($L22*$N22,2),0),0))
I23: =IF($A23="","",IFERROR(IF($G23="Taxable",VLOOKUP("TPS",'Paramètres'!$A$5:$B$6,2,FALSE),0),0)) | J23: =IF($A23="","",IFERROR(ROUND($H23*$I23,2),0)) | K23: =IF($A23="","",IFERROR(IF($G23="Taxable",VLOOKUP("TVQ",'Paramètres'!$A$5:$B$6,2,FALSE),0),0)) | L23: =IF($A23="","",IFERROR(ROUND($H23*$K23,2),0)) | O23: =IF($A23="","",IFERROR(IF(AND($C23="Achat/dépense",$T23="À inclure"),ROUND($J23*$M23,2),0),0)) | P23: =IF($A23="","",IFERROR(IF(AND($C23="Achat/dépense",$T23="À inclure"),ROUND($L23*$N23,2),0),0))
I24: =IF($A24="","",IFERROR(IF($G24="Taxable",VLOOKUP("TPS",'Paramètres'!$A$5:$B$6,2,FALSE),0),0)) | J24: =IF($A24="","",IFERROR(ROUND($H24*$I24,2),0)) | K24: =IF($A24="","",IFERROR(IF($G24="Taxable",VLOOKUP("TVQ",'Paramètres'!$A$5:$B$6,2,FALSE),0),0)) | L24: =IF($A24="","",IFERROR(ROUND($H24*$K24,2),0)) | O24: =IF($A24="","",IFERROR(IF(AND($C24="Achat/dépense",$T24="À inclure"),ROUND($J24*$M24,2),0),0)) | P24: =IF($A24="","",IFERROR(IF(AND($C24="Achat/dépense",$T24="À inclure"),ROUND($L24*$N24,2),0),0))
I25: =IF($A25="","",IFERROR(IF($G25="Taxable",VLOOKUP("TPS",'Paramètres'!$A$5:$B$6,2,FALSE),0),0)) | J25: =IF($A25="","",IFERROR(ROUND($H25*$I25,2),0)) | K25: =IF($A25="","",IFERROR(IF($G25="Taxable",VLOOKUP("TVQ",'Paramètres'!$A$5:$B$6,2,FALSE),0),0)) | L25: =IF($A25="","",IFERROR(ROUND($H25*$K25,2),0)) | O25: =IF($A25="","",IFERROR(IF(AND($C25="Achat/dépense",$T25="À inclure"),ROUND($J25*$M25,2),0),0)) | P25: =IF($A25="","",IFERROR(IF(AND($C25="Achat/dépense",$T25="À inclure"),ROUND($L25*$N25,2),0),0))
... I104: =IF($A104="","",IFERROR(IF($G104="Taxable",VLOOKUP("TPS",'Paramètres'!$A$5:$B$6,2,FALSE),0),0)) | J104: =IF($A104="","",IFERROR(ROUND($H104*$I104,2),0)) | K104: =IF($A104="","",IFERROR(IF($G104="Taxable",VLOOKUP("TVQ",'Paramètres'!$A$5:$B$6,2,FALSE),0),0)) | L104: =IF($A104="","",IFERROR(ROUND($H104*$K104,2),0)) | O104: =IF($A104="","",IFERROR(IF(AND($C104="Achat/dépense",$T104="À inclure"),ROUND($J104*$M104,2),0),0)) | P104: =IF($A104="","",IFERROR(IF(AND($C104="Achat/dépense",$T104="À inclure"),ROUND($L104*$N104,2),0),0))

Sheet Paramètres
A1: Paramètres et listes de contrôle
A2: Mettre à jour les taux, les périodes et les listes avant d’utiliser le classeur.
A4: Taxe | B4: Taux | C4: Description | D4: Date de vérification | F4: Période de déclaration | G4: Date de début | H4: Date de fin | I4: Échéance TPS — ARC | J4: Échéance TVQ — Revenu Québec | K4: Notes
A5: TPS | B5: 0.05 | C5: Taxe sur les produits et services | D5: 46023 | F5: 2026-T1 | G5: 46023 | H5: 46112 | K5: Échéances à confirmer selon le dossier fiscal
A6: TVQ | B6: 0.09975 | C6: Taxe de vente du Québec | D6: 46023 | F6: 2026-T2 | G6: 46113 | H6: 46203 | K6: Échéances à confirmer selon le dossier fiscal
F7: 2026-T3 | G7: 46204 | H7: 46295 | K7: Échéances à confirmer selon le dossier fiscal
A8: Vérifier les taux applicables et les règles de récupération avant toute production de déclaration officielle. | F8: 2026-T4 | G8: 46296 | H8: 46387 | K8: Échéances à confirmer selon le dossier fiscal
F9: 2026-M01 | G9: 46023 | H9: 46053 | K9: Période mensuelle à confirmer
A10: Sens de transaction | C10: Catégories | E10: Traitements fiscaux | F10: 2026-M02 | G10: Pourcentages récupérables | H10: 46081 | I10: Statuts des transactions | K10: Période mensuelle à confirmer
A11: Valeur | C11: Valeur | E11: Valeur | F11: 2026-M03 | G11: Valeur | H11: 46112 | I11: Valeur | K11: Période mensuelle à confirmer
A12: Vente | C12: Services professionnels | E12: Taxable | F12: 2026-M04 | G12: 0 | H12: 46142 | I12: À inclure | K12: Période mensuelle à confirmer
A13: Achat/dépense | C13: Ventes de produits | E13: Détaxée | G13: 0.5 | I13: Exclu
C14: Fournitures de bureau | E14: Exonérée | G14: 1
C15: Logiciels et abonnements | E15: Hors champ
C16: Équipement
C17: Télécommunications
C18: Déplacements
C19: Assurances
C20: Autre
